 Dungeon Crawl Stone Soup version 0.32-a0-953-g508020473e (webtiles) character file.

Game seed: 940611976410793202

2299 Autsider the Cutter (level 9, 0/51 HPs)
             Began as a Vine Stalker Warper on Apr 16, 2024.
             Slain by a killer bee (5 damage)
             ... on level 7 of the Dungeon.
             The game lasted 00:22:48 (7602 turns).

Autsider the Cutter (Vine Stalker Warper)           Turns: 7602, Time: 00:22:49

Health: 0/51       AC:  8    Str: 14    XL:     9   Next: 40%
Magic:  0/14       EV: 10    Int: 13    God:
Gold:   332        SH:  0    Dex: 18    Spells: 13/13 levels left

rFire   . . .        a - +0 short sword
rCold   + . .        (no shield)
rNeg    . . .        D - +0 ring mail "Hauqec" {Will+ SInv}
rPois   .            h - +2 hat
rElec   .            (no cloak)
rCorr   .            (no gloves)
SInv    +            A - +0 pair of boots
Will    ++...        (no amulet)
Stlth   ++           n - ring of protection from cold
HPRegen 1.08/turn    (no ring)
MPRegen 0.14/turn

%: guardian spirit
@: lethally poisoned (0 -> -1), hasted, very quick
A: fangs 3, regeneration 1, magic shield, antimagic bite, no potion heal 2
a: no special abilities


You were on level 7 of the Dungeon.
You visited 2 branches of the dungeon, and saw 9 of its levels.
You also visited: Sewer and Ossuary.

You collected 332 gold pieces.

Inventory:

Hand Weapons
 a - a +0 short sword (weapon)
 E - a +0 falchion of freezing
Missiles
 d - 7 darts of dispersal (quivered)
 g - 11 poisoned darts
 s - 4 boomerangs
 u - a throwing net
 F - 6 atropa-tipped darts
Armour
 b - a +0 leather armour
 h - a +2 hat (worn)
 A - a +0 pair of boots (worn)
 D - the +0 ring mail "Hauqec" (worn) {Will+ SInv}
   (You found it on level 6 of the Dungeon)

   Will+:     It increases your willpower.
   SInv:      It lets you see invisible.
Jewellery
 n - a ring of protection from cold (left hand)
 C - a ring of wizardry
Wands
 l - a wand of flame (1)
Scrolls
 c - 2 scrolls of blinking
 e - 2 scrolls of amnesia
 k - 2 scrolls of brand weapon
 m - 6 scrolls of teleportation {@r2}
 o - a scroll of revelation
 p - a scroll of enchant weapon
 q - 2 scrolls of immolation {unknown}
 r - 2 scrolls of poison {unknown}
 t - a scroll of enchant armour
 x - a scroll of silence {unknown}
 B - a scroll of vulnerability {unknown}
Potions
 f - 3 potions of curing {@q1}
 i - a potion of enlightenment {unknown}
 j - a potion of haste
 v - a potion of degeneration {unknown}
 w - 2 potions of magic {unknown}
 z - 2 potions of mutation {unknown}


   Skills:
 + Level 7.7 Fighting
 + Level 7.7 Short Blades
 - Level 0.8 Throwing
 - Level 0.7 Armour
 - Level 1.5 Dodging
 - Level 4.0 Stealth
 + Level 2.7 Spellcasting
 + Level 3.4 Translocations


You had 13 spell levels left.
You didn't know any spells.
Your spell library contained the following spells:

 Spells                   Type           Power      Damage    Failure   Level
 Blink                    Tloc           20%        N/A       19%         2
 Lesser Beckoning         Tloc           20%        N/A       19%         2
 Maxwell's Portable Pile  Tloc           10%        2d(6-16)  34%         3
 Teleport Other           Tloc           10%        N/A       34%         3
 Magic Dart               Conj           4%         1d3       43%         1
 Searing Ray              Conj           2%         2d4       58%         2
 Tukima's Dance           Hex            1%         N/A       82%         3
 Dimensional Bullseye     Hex/Tloc       3%         N/A       93%         4
 Iskenderun's Mystic Bla Conj/Tloc 6%             2d4        (+2d1     93%         4
 Vhi's Electric Charge    Tloc/Air       12%        N/A       93%         4
 Fulminant Prism          Conj/Alch      0%         3d5       99%         4


Dungeon Overview and Level Annotations

Branches:
Dungeon (8/15)             Temple (1/1) D:5           Sewer (visited)
Ossuary (visited)
   Lair: D:8-11

Altars:
Ashenzari
Cheibriados
Dithmenos
Elyvilon
Fedhas
Qazlal
Ru
Sif Muna
Trog
Uskayaw
Vehumet
Wu Jian
Yredelemnul
The Shining One

Annotations:
D:3 1 runed translucent door, Crazy Yiuf
D:4 exclusion: statue, Menkaure
D:7 1 runed translucent door, exclusion: downstairs, Takeo's ghost, novice CoHu


Innate Abilities, Weirdness & Mutations

You have razor-sharp teeth.
Your natural rate of healing is unusually fast.
When hurt, damage is shared between your health and your magic reserves.
Your bite disrupts and absorbs the magic of your enemies.
Potions cannot restore your health.


Message History

You hit the killer bee but do no damage.
Your bite misses the killer bee.
The killer bee is lightly wounded.
You feel sick. The killer bee misses you. The killer bee barely misses you.
You barely miss the killer bee. You bite the killer bee! You drain its power.
You feel invigorated.
The killer bee is heavily wounded.
You feel very sick. The killer bee stings you.
* * * LOW HITPOINT WARNING * * *
You are lethally poisoned!
The killer bee poisons you!
The killer bee stings you but does no damage.
The killer bee stings you!
* * * LOW HITPOINT WARNING * * *
The killer bee closely misses you.
Your system rejects the healing.
You feel better.
The killer bee stings you but does no damage.
The killer bee stings you.
* * * LOW HITPOINT WARNING * * *
The killer bee stings you but does no damage. x2
The killer bee misses you.
The killer bee stings you but does no damage.
The killer bee barely misses you. The killer bee stings you.
* * * LOW HITPOINT WARNING * * *
The killer bee attacks as it pursues you!
The killer bee stings you.
* * * LOW HITPOINT WARNING * * *
The killer bee stings you.
* * * LOW HITPOINT WARNING * * *
The killer bee attacks as it pursues you!
The killer bee misses you. The killer bee stings you.
* * * LOW HITPOINT WARNING * * *
You are poisoned.
The killer bee poisons you! The killer bee stings you.
* * * LOW HITPOINT WARNING * * *
There is a stone staircase leading up here.
You feel yourself speed up.
You feel sick. The killer bee stings you!
You die...

###......###....####.
##........###...## #..
###.##...........## ##..
#..####......###..###...
##.## #.....## ##......#
#..# #.....# ##.....#
##.###....## #..##..
##†##....# #.#####
#>.y@..########.# #
#..y...###..##.##
####...........#.#
#..#.............##
##....#............#####
#.....#.................
#...#...................
#.###...................
#####...................


You could see 2 killer bees.

Vanquished Creatures
  Eustachio (D:5)
  A water moccasin (D:5)
  A black bear (D:5)
  A sky beast (D:6)
  An ice beast (D:7)
  An orc warrior (D:6)
  Pargi (Sewer)
  2 elf zombies (Ossuary)
  A brain worm (Sewer)
  4 scorpions
  3 killer bees (D:7)
  A howler monkey (D:5)
  2 bombardier beetles (D:5)
  3 human zombies (Ossuary)
  3 hounds
  2 orc priests
  2 centaur zombies (Ossuary)
  A jelly (D:7)
  Jessica (D:2)
  A sleepcap (D:5)
  4 iguanas
  2 orc wizards
  6 hound zombies (Ossuary)
  2 mummies (Ossuary)
  3 river rats (D:3)
  6 adders
  2 shadow imps
  5 white imps
  6 adder zombies (Ossuary)
  A dart slug (D:4)
  A ribbon worm (D:5)
  19 orcs
  6 ball pythons
  A bat (D:1)
  6 endoplasms
  4 giant cockroaches (D:3)
  7 gnoll zombies (Ossuary)
  5 goblins
  6 hobgoblins
  3 jackals (D:1)
  3 kobolds
  6 quokkas
  6 frilled lizards
  4 jackal zombies (Ossuary)
  4 kobold zombies (Ossuary)
  3 orc zombies (Ossuary)
  7 rats
161 creatures vanquished.

Vanquished Creatures (others)
  An arcanist (D:4)
1 creature vanquished.

Grand Total: 162 creatures vanquished

Notes
Turn   | Place    | Note
-------+----------+-------------------------------------------
     0 | D:1      | Autsider the Vine Stalker Warper began the quest for the
                  | Orb.
     0 | D:1      | Reached XP level 1. HP: 11/11 MP: 4/4
   121 | D:1      | Reached skill level 1 in Stealth
   126 | D:1      | Reached XP level 2. HP: 11/15 MP: 4/6
   291 | D:1      | You fall into a shaft and drop 1 floor!
   459 | D:2      | Reached XP level 3. HP: 18/18 MP: 7/7
   620 | D:2      | Noticed Jessica
   629 | D:2      | Killed Jessica
   630 | D:2      | Reached XP level 4. HP: 23/23 MP: 8/8
  1469 | D:3      | Found a glowing golden altar of the Shining One.
  1534 | D:3      | Reached XP level 5. HP: 28/28 MP: 9/9
  1608 | D:3      | Found a glowing drain.
  1640 | Sewer    | Entered a sewer
  1745 | Sewer    | Noticed Pargi
  1765 | Sewer    | Killed Pargi
  1766 | Sewer    | Reached XP level 6. HP: 27/32 MP: 5/10
  2462 | D:3      | Found a runed translucent door.
  2463 | D:3      | Noticed Crazy Yiuf
  2705 | D:4      | Found a shimmering blue altar of Sif Muna.
  2786 | D:4      | Noticed Menkaure
  2829 | D:4      | Found a radiant altar of Vehumet.
  2853 | D:4      | Found a sand-covered staircase.
  2892 | Ossuary  | Entered an ossuary
  3105 | Ossuary  | Reached XP level 7. HP: 33/37 MP: 8/11
  3510 | Ossuary  | Reached skill level 5 in Short Blades
  3572 | Ossuary  | Reached skill level 5 in Fighting
  3783 | D:4      | Gained mutation: You have razor-sharp teeth. [Vine Stalker
                  | growth]
  3783 | D:4      | Reached XP level 8. HP: 15/44 MP: 8/12
  3885 | D:4      | Found a bloodstained altar of Trog.
  3888 | D:4      | Noticed a wizard
  3893 | D:4      | Killed a wizard
  3970 | D:4      | Found a stormy altar of Qazlal.
  3976 | D:4      | Noticed an air elemental
  3976 | D:4      | Noticed a water elemental
  4203 | D:5      | Entered Level 5 of the Dungeon
  4326 | D:5      | Found a staircase to the Ecumenical Temple.
  4354 | D:5      | HP: 2/44 [water moccasin (3)]
  4360 | Temple   | Entered the Ecumenical Temple
  4475 | D:5      | Noticed Eustachio
  4531 | D:5      | Killed Eustachio
  5017 | D:5      | Found a hide-covered altar of Uskayaw.
  5294 | D:5      | Reached XP level 9. HP: 48/50 MP: 11/13
  5710 | D:6      | Identified the +0 ring mail "Hauqec" {Will+ SInv}
  6597 | D:7      | Found a runed translucent door.
  6597 | D:7      | Noticed Takeo's ghost (novice CoHu)
  6937 | D:7      | Found an ornate altar of the Wu Jian Council.
  7602 | D:7      | Slain by a killer bee

Illustrated notes

Levels and vault maps discovered:
D:1:      matt_arrival_diagonals, layout_basic, chequers_serial_rivers_small_b,
          nicolae_figureground_sparkle
D:2:      layout_loops_corners, uniq_jessica
D:3:      layout_loops_ring, nicolae_tso_swordbearing_angel,
          gup_sewer_entry_bubbles, hangedman_decor_points,
          chequers_serial_rivers_room_a, uniq_crazy_yiuf_cottage
D:4:      layout_gridville, nicolae_qazlal_style_of_elements, vehumet_statue,
          trog_wizard, mainiacjoe_overflow_tiny_flanked,
          nicolae_ossuary_entry_monument, uniq_menkaure
D:5:      layout_cave_pods, eat_drink_and_be_merry_uskayaw,
          minmay_temple_entry_junction, uniq_eustachio
D:6:      layout_loops_ring
D:7:      layout_layer_cave, pdpol_wu_jian_five_deadly_venoms,
          gammafunk_ghost_grave, serial_bayou_crossing
D:8:      layout_cave_pools, grunt_temple_overflow_order_and_chaos_2,
          serial_shops, nicolae_shop_window_shopping, serial_bayou_pond_d
Temple:   nicolae_temple_superstar

Skill      XL: |  1  2  3  4  5  6  7  8 |
---------------+-------------------------+-----
Fighting       | 2 3 4 5 7 |  7.7
Short Blades   | 2 3 4 5 7 |  7.7
Stealth        | 1 2 3 4 |  4.0
Throwing       | |  0.8
Armour         | |  0.7
Dodging        | |  1.5
Spellcasting   | |  2.7
Translocations | |  3.4

Action                     |  1- 3 |  4- 6 |  7- 9 || total
---------------------------+-------+-------+-------++-------
  Melee: Short sword       |    99 |   307 |   619 ||  1025
         Bite              |    19 |    92 |   249 ||   360
  Evoke: Wand              |       |    10 |     6 ||    16
    Use: Scroll            |     1 |     7 |     2 ||    10
         Potion            |       |       |     3 ||     3
   Stab: Sleeping          |     2 |     3 |     5 ||    10
         Paralysed         |       |       |     1 ||     1
 Armour: Leather armour    |    59 |   180 |   328 ||   567
         Ring mail         |       |       |    61 ||    61
  Dodge: Dodged            |    54 |   129 |   257 ||   440

Table legend: (Time is in decaauts)
 A = Elapsed time spent in this place.
 B = Non-inter-level travel time spent in this place.
 C = Inter-level travel time spent in this place.
 D = Time resting spent in this place.
 E = Time spent auto-exploring this place.
 F = Levels seen in this place.
 G = Mean time per level.
                   A        B        C        D        E       F      G
               +--------+--------+--------+--------+--------+-----+--------+
         Total |   7454 |   7095 |    359 |    165 |   4292 |  11 |  677.6 |
       Dungeon |   6307 |   5959 |    348 |    108 |   4084 |   8 |  788.4 |
        Temple |    126 |    115 |     11 |      0 |     73 |   1 |  126.0 |
         Sewer |    312 |    312 |      0 |     41 |     81 |   1 |  312.0 |
       Ossuary |    707 |    707 |      0 |     16 |     54 |   1 |  707.0 |
               +--------+--------+--------+--------+--------+-----+--------+

Top non-repeatable levels by time:
     D:7: 1290 daAuts
     D:3: 1229 daAuts
     D:5: 1129 daAuts
     D:2: 853 daAuts
     D:4: 772 daAuts
     D:6: 712 daAuts
 Ossuary: 707 daAuts
   Sewer: 312 daAuts
     D:1: 286 daAuts
  Temple: 126 daAuts
     D:8: 33 daAuts
